 Dungeon Crawl Stone Soup version 0.30-a0-782-ge64f9170bb (webtiles) character file.

Game seed: 13690900938423542013

1761 theswoord the Cruncher (level 8, -1/84 HPs)
             Began as a Demonspawn Gladiator on Feb 19, 2023.
             Slain by an orc
             ... wielding a +0 spear
              (4 damage)
             ... in a bailey.
             The game lasted 00:09:13 (6427 turns).

theswoord the Cruncher (Demonspawn Gladiator)       Turns: 6427, Time: 00:09:14

Health: -1/84      AC: 15    Str: 22    XL:     8   Next: 79%
Magic:  8/8        EV:  7    Int: 10    God:
Gold:   451        SH:  0    Dex: 21    Spells: 7/7 levels left

rFire   . . .      SeeInvis .    a - +1 quarterstaff
rCold   . . .      Faith    .    (shield currently unavailable)
rNeg    . . .      Spirit   .    i - +0 plate armour
rPois   .          Reflect  .    c - +0 helmet
rElec   .          Harm     .    m - +0 cloak
rCorr   .          Rampage  .    (no gloves)
Will    .....                    (no boots) Stlth
                                 (no amulet)
HPRegen 0.34/turn                l - +6 ring of dexterity
MPRegen 0.22/turn                q - +6 ring of strength

@: mighty, berserking, studying Necromancy, very quick
A: claws 1, thin metallic scales 2, magic regeneration, corrupting presence 1
a: no special abilities


You were in a bailey.
You visited 1 branch of the dungeon, and saw 7 of its levels.
You also visited: Bailey.

You collected 451 gold pieces.

Inventory:

Hand Weapons
 a - a +1 quarterstaff (weapon)
Missiles
 e - a javelin
 j - a throwing net (quivered)
Armour
 b - a +0 leather armour
 c - a +0 helmet (worn)
 h - a +0 chain mail
 i - a +0 plate armour (worn)
 m - a +0 cloak (worn)
Jewellery
 l - a +6 ring of dexterity (left claw)
 q - a +6 ring of strength (right claw)
 r - a ring of protection from cold
Wands
 p - a wand of digging (6)
Scrolls
 s - a scroll of enchant weapon
Potions
 d - 2 potions of cancellation
 f - 2 potions of brilliance
 g - 2 potions of attraction
 k - a potion of resistance
 n - a potion of curing
 o - a potion of might
 v - a potion of mutation {unknown}


   Skills:
 - Level 2.0 Fighting
 + Level 10.8 Staves
 - Level 1.7 Throwing
 - Level 2.6 Dodging


You had 7 spell levels left.
You didn't know any spells.
Your spell library contained the following spells:

 Spells                   Type           Power      Damage    Failure   Level
 Lesser Beckoning         Tloc           0%         N/A       100%        2
 Gell's Gravitas          Tloc           0%         N/A       100%        3
 Teleport Other           Tloc           0%         N/A       100%        3


Dungeon Overview and Level Annotations

Branches:
Dungeon (7/15)             Bailey (1/1)
 Temple: D:4-7

Altars:
Cheibriados
Nemelex Xobeh
Uskayaw


Innate Abilities, Weirdness & Mutations

You have sharp fingernails.
You are mostly covered in thin metallic scales. (AC +3)
You regenerate magic rapidly.
Your presence sometimes corrodes those you injure.


Message History

An orc knight comes into view. It is wielding a +0 trident.
Things that are here:
a +0 spear; a +0 ring mail The orc knight shouts!
The orc warrior hits you with a +0 halberd.
You hit the orc warrior but do no damage.
The orc warrior hits you with a +0 halberd!
It was a potion of might.
You feel very mighty all of a sudden. The orc knight closely misses you.
You sock the orc warrior!
The orc warrior hits you with a +0 halberd!
* * * LOW HITPOINT WARNING * * *
The orc knight roars a battlecry!
The orc warrior goes into a battle-frenzy!
An orc comes into view. It is wielding a +0 spear.
You sock the orc warrior! You hit the orc warrior.
You kill the orc warrior!
The orc knight hits you from afar with a +0 trident!
* * * LOW HITPOINT WARNING * * *
It was a potion of berserk rage.
A red film seems to cover your vision as you go berserk!
You feel yourself moving faster!
You feel mighty!
The orc knight hits you from afar with a +0 trident!!
* * * LOW HITPOINT WARNING * * *
You feel a strong urge to attack something.
The orc hits you but does no damage.
You sock the orc knight! You hit the orc knight.
The orc hits you from afar with a +0 spear.
* * * LOW HITPOINT WARNING * * *
The orc knight hits you but does no damage.
You thump the orc knight! You hit the orc knight.
The orc hits you but does no damage.
The orc knight hits you with a +0 trident.
* * * LOW HITPOINT WARNING * * *
You hit the orc knight.
The orc hits you from afar with a +0 spear.
You die...

#≈≈≈≈≈≈≈#....#≈≈≈≈≈≈.
#≈≈≈≈≈≈≈#...)#≈≈≈≈≈≈≈
#♣♣≈≈≈≈≈#....#≈≈≈≈≈≈≈
♣♣♣...#....#...≈≈≈≈
..♣............≈≈
................≈
##........####..
#$.####''####.$#
#...o.@.).)....#
##...8o)..8...##
#..########..# #. .#
# #


You could see an orc knight and an orc (strong).

Vanquished Creatures
  Sigmund (D:2)
  Eustachio (D:4)
  Menkaure (D:6)
  An orc warrior (Bailey)
  2 black bears
  2 ogres (D:6)
  3 centaurs
  A howler monkey (D:5)
  2 hounds
  4 orc priests (D:4)
  A gnoll bouda (D:5)
  An orc wizard (D:4)
  12 gnolls
  11 adders
  A shadow imp (D:6)
  2 ufetubi
  3 worms
  3 dart slugs
  18 orcs
  5 ball pythons
  8 endoplasms
  4 giant cockroaches
  12 goblins
  8 hobgoblins
  6 jackals
  4 quokkas
  3 bats
  A frilled lizard (D:2)
  5 kobolds
  7 rats
133 creatures vanquished.

Vanquished Creatures (others)
  A plant (D:1)
  4 toadstools (D:6)
5 creatures vanquished.

Grand Total: 138 creatures vanquished

Notes
Turn   | Place    | Note
-------+----------+-------------------------------------------
     0 | D:1      | theswoord the Demonspawn Gladiator began the quest for the
                  | Orb.
     0 | D:1      | Reached XP level 1. HP: 16/16 MP: 1/1
    29 | D:1      | Reached skill level 3 in Staves
    97 | D:1      | Gained mutation: You are partially covered in thin metallic
                  | scales. (AC +2) [demonic ancestry]
    97 | D:1      | Reached XP level 2. HP: 22/22 MP: 2/2
   410 | D:1      | Reached XP level 3. HP: 26/27 MP: 3/3
   641 | D:1      | Reached skill level 4 in Staves
   900 | D:2      | Noticed Sigmund
   918 | D:2      | Killed Sigmund
   919 | D:2      | Reached skill level 5 in Staves
   919 | D:2      | Gained mutation: You have sharp fingernails. [demonic
                  | ancestry]
   919 | D:2      | Reached XP level 4. HP: 11/33 MP: 4/4
   919 | D:2      | Reached XP level 5. HP: 12/38 MP: 5/5
  1263 | D:2      | Identified a scroll of acquirement
  1263 | D:2      | Acquired a manual of Necromancy
  1394 | D:2      | Reached skill level 6 in Staves
  1970 | D:3      | Gained mutation: You are mostly covered in thin metallic
                  | scales. (AC +3) [demonic ancestry]
  1970 | D:3      | Reached XP level 6. HP: 44/44 MP: 6/6
  2925 | D:4      | Found a snail-covered altar of Cheibriados.
  3094 | D:4      | Reached skill level 7 in Staves
  3386 | D:4      | Gained mutation: You regenerate magic rapidly. [demonic
                  | ancestry]
  3386 | D:4      | Reached XP level 7. HP: 27/50 MP: 7/7
  3761 | D:5      | Entered Level 5 of the Dungeon
  3801 | D:5      | Reached skill level 8 in Staves
  3932 | D:5      | Noticed Eustachio
  3999 | D:4      | Killed Eustachio
  4647 | D:5      | Reached skill level 9 in Staves
  4647 | D:5      | Gained mutation: Your presence sometimes corrodes those you
                  | injure. [demonic ancestry]
  4647 | D:5      | Reached XP level 8. HP: 53/56 MP: 8/8
  5348 | D:6      | Noticed Menkaure
  5361 | D:6      | Killed Menkaure
  5562 | D:6      | Found a hide-covered altar of Uskayaw.
  5657 | D:6      | Reached skill level 10 in Staves
  5674 | D:6      | Found a sparkling altar of Nemelex Xobeh.
  6232 | D:7      | Found a flagged portal.
  6261 | Bailey   | Entered a bailey
  6414 | Bailey   | Noticed an orc knight
  6426 | Bailey   | HP: 3/84 [orc knight/+0 trident (4)]
  6427 | Bailey   | Slain by an orc

Skill      XL: |  1  2  3  4  5  6  7  8 |
---------------+-------------------------+-----
Staves         | 3 5 6 7 9 10 | 10.8
Fighting       | |  2.0
Throwing       | |  1.7
Dodging        | |  2.6

Action                     |  1- 3 |  4- 6 |  7- 9 || total
---------------------------+-------+-------+-------++-------
  Melee: Quarterstaff      |    89 |   237 |   203 ||   529
  Throw: Throwing net      |     5 |       |     1 ||     6
    Use: Scroll            |     1 |     4 |     3 ||     8
         Potion            |       |     5 |     6 ||    11
 Armour: Leather armour    |    17 |       |       ||    17
         Plate armour      |    28 |   212 |   167 ||   407
         Skin              |       |       |    19 ||    19
  Dodge: Dodged            |    62 |    70 |    78 ||   210

Levels and vault maps discovered:
D:1:      tekkud_arrival_beachfront_property, layout_loops_ring,
          nicolae_grassy_gnolls
D:2:      layout_loops_ring, uniq_sigmund
D:3:      layout_loops_ring
D:4:      layout_loops_ring, mainiacjoe_overflow_small_starburst
D:5:      layout_gridville, elyvilon_altar_4, uniq_eustachio
D:6:      layout_loops_ring, marbit_many_paths, lemuel_crystal_altar,
          minmay_gold_behind_fungi, hellmonk_bongcloud_opening, uniq_menkaure
D:7:      nicolae_cairo_tiling, layout_cave_pools, temple_doors_e,
          enter_bailey_5, uniq_duvessa, uniq_joseph
Bailey:   bailey_polearm_elven_captive_hellmonk, bailey
